 Dungeon Crawl Stone Soup version 0.19.1-1-g22dce08 (webtiles) character file.

7452 Macro the Slicer (level 11, -4/74 HPs)
             Began as a Halfling Fighter on Jan 11, 2017.
             Was a Follower of Nemelex Xobeh.
             Slain by a five-headed hydra (8 damage)
             ... on level 2 of the Lair of Beasts.
             The game lasted 01:56:31 (8149 turns).

Macro the Slicer (Halfling Fighter)                 Turns: 8149, Time: 01:56:32

Health: -4/74      AC: 11    Str: 31    XL:     11   Next: 37%
Magic:  11/11      EV: 13    Int:  7    God:    Nemelex Xobeh [*.....]
Gold:   561        SH: 18    Dex: 18    Spells: 1 memorised, 9 levels left

rFire  . . .     SeeInvis .     y - +3 short sword (elec)
rCold  . . .     Gourm    .     z - +0 steam dragon scales
rNeg   + . .     Faith    .     c - +0 shield
rPois  .         Spirit   .     F - +2 helmet
rElec  .         Reflect  +     (no cloak)
rCorr  .         Harm     .     i - +0 pair of gloves
MR     .....                    h - +0 pair of boots
Stlth  ++........               B - +3 amulet of reflection
                                X - ring "Egaati" {AC-2 Str+7}
                                H - ring of the Octopus King {rN+ AC+1 EV+1 Str+1 Int+1 Dex+1}

@: mighty
A: mutation resistance 1
a: Renounce Religion


You were on level 2 of the Lair of Beasts.
You worshipped Nemelex Xobeh.
Nemelex Xobeh was aware of your devotion.
You were not hungry.

You visited 3 branches of the dungeon, and saw 11 of its levels.

You collected 561 gold pieces.

Inventory:

Hand Weapons
 y - a +3 short sword of electrocution (weapon)
 G - a +1 dagger of speed
 N - a +0 long sword of slicing
 V - a +4 long sword of electrocution
Missiles
 L - 28 poisoned needles (quivered)
Armour
 c - a +0 shield (worn)
 h - a +0 pair of boots (worn)
 i - a +0 pair of gloves (worn)
 z - +0 steam dragon scales (worn)
 F - a +2 helmet (worn)
 S - a +1 hat
Jewellery
 m - a +3 ring of intelligence
 B - a +3 amulet of reflection (around neck)
 D - an uncursed ring of see invisible
 H - a ring of the Octopus King (left hand) {rN+ AC+1 EV+1 Str+1 Int+1 Dex+1}
   (You found it on level 5 of the Dungeon)

   [ring of positive energy]

   It affects your AC (+1).
   It affects your evasion (+1).
   It affects your strength (+1).
   It affects your intelligence (+1).
   It affects your dexterity (+1).
   It protects you from negative energy.
 I - an uncursed amulet of the gourmand
 K - an uncursed amulet of faith
 X - the ring "Egaati" (right hand) {AC-2 Str+7}
   (You found it on level 1 of the Lair of Beasts)

   [ring of protection]

   It affects your AC (-2).
   It affects your strength (+7).
Wands
 s - a wand of teleportation (5/9)
 w - a wand of iceblast (14/15)
 E - a wand of slowing (13/48)
 Q - a wand of slowing (9/48)
 R - a wand of iceblast (3/15)
Scrolls
 e - 7 scrolls of identify
 j - 2 scrolls of noise
 k - 4 scrolls of amnesia
 l - 5 scrolls of remove curse
 p - 2 scrolls of enchant weapon
 q - 7 scrolls of teleportation
 t - a scroll of immolation {unknown}
 A - 4 scrolls of recharging
 O - a scroll of fog {unknown}
 T - a scroll of enchant armour
 Y - a scroll of vulnerability {unknown}
Potions
 d - 3 potions of might
 o - 2 potions of brilliance
 r - a potion of curing
 u - 2 potions of lignification
 Z - a potion of magic
Books
 M - a book of Minor Magic

   Spells                             Type                      Level
   a - Magic Dart                     Conjuration                  1
   b - Blink                          Translocation                2
   c - Call Imp                       Summoning                    2
   d - Repel Missiles                 Charms/Air                   2
   e - Slow                           Hexes                        2
   f - Conjure Flame                  Conjuration/Fire             3
   g - Mephitic Cloud                 Conjuration/Poison/Air       3
Miscellaneous
 P - a plain deck of destruction {drawn: 1}
 W - a plain deck of escape {drawn: 1}
Comestibles
 f - a bread ration
 g - 6 fruits
 n - 5 meat rations
 v - 2 beef jerkies
 x - 9 royal jellies
 C - 2 slices of pizza


   Skills:
 + Level 6.8 Fighting
 + Level 12.4 Short Blades
 + Level 6.5 Armour
 + Level 11.4 Shields


You had 9 spell levels left.
You knew the following spells:

 Your Spells              Type           Power        Failure   Level  Hunger
a - Magic Dart            Conj           #...         92%         1    ##.....


Dungeon Overview and Level Annotations

Branches:
Dungeon (8/15)             Temple (1/1) D:7            Lair (1/6) D:8
  Snake (0/4) Lair:2

Altars:
Ashenzari
Cheibriados
Dithmenos
Elyvilon
Fedhas
Gozag
Hepliaklqana
Kikubaaqudgha
Makhleb
Nemelex Xobeh
Okawaru
Qazlal
Ru
Sif Muna
Trog
Uskayaw
Vehumet
Xom
Yredelemnul
Zin
The Shining One


Innate Abilities, Weirdness & Mutations

You are small and have problems with some larger weapons.
You are somewhat resistant to further mutation.


Message History

You block the five-headed hydra's attack. x3
The five-headed hydra bites you.
* * * LOW HITPOINT WARNING * * *
The five-headed hydra bites you.
* * * LOW HITPOINT WARNING * * *
You block the five-headed hydra's attack.
The five-headed hydra barely misses you. x2
The five-headed hydra misses you. x2
You feel very mighty all of a sudden.
You block the five-headed hydra's attack. x3
The five-headed hydra bites you.
* * * LOW HITPOINT WARNING * * *
The five-headed hydra bites you.
* * * LOW HITPOINT WARNING * * *
You puncture the five-headed hydra!
The five-headed hydra is severely wounded.
You block the five-headed hydra's attack.
The five-headed hydra misses you. The five-headed hydra bites you!
You die...
Your body disappears without a glow.

##......##.##.........
#....†......#..[....#
..##....†...#....###..#
........8.8.##.F...8.##
..#............F#.....#
. +......>.D...F'..<.8#
#..........#.F#.....#
#[.##.8.8.##FD##.8..#
##...........#@#####..#
#.......F...#.# ...
##..#...##.#### .
#..#.#.#..# ##.......##
##.....### .....
###.....#.# ......
..........## ......
......≈....#
###....#.#P.


You could see a five-headed hydra and 5 blink frogs.

Vanquished Creatures
  Gastronok (D:8)
  Harold (Lair:1)
  A spiny frog (Lair:2)
  2 komodo dragons (Lair:2)
  2 hornets (D:8)
  Prince Ribbit (D:7)
  A hippogriff (D:8)
  Sigmund (D:5)
  A steam dragon (D:7)
  Menkaure (D:7)
  The ghost of timpakay the Cutter, an amateur OpFi of Gozag (D:3)
  2 wargs (D:8)
  2 nagas (Lair:2)
  A soldier ant (D:8)
  A porcupine (Lair:2)
  2 water moccasins (Lair:2)
  An orc warrior (D:8)
  A sky beast (D:5)
  2 phantoms
  5 ogres
  3 centaurs (D:7)
  7 bullfrogs
  3 scorpions
  4 killer bees (D:7)
  An electric eel (Lair:1)
  A howler monkey (D:7)
  4 crimson imps
  2 jellies
  A centaur zombie (D:7)
  A bullfrog skeleton (D:5)
  5 hounds
  4 orc priests
  A centaur skeleton (D:6)
  2 iguanas
  7 worker ants
  5 orc wizards
  A worker ant zombie (D:5)
  4 adders
  3 shadow imps (D:6)
  An ooze (D:4)
  An adder skeleton (D:6)
  An adder zombie (D:6)
  2 worms
  9 dart slugs
  6 leopard geckos
  25 orcs
  2 ball pythons
  8 giant cockroaches
  5 hobgoblins
  7 jackals
  5 quokkas
  3 bats
  3 frilled lizards
  12 goblins
  4 kobolds
  6 rats
  A plant (Lair:1)
190 creatures vanquished.

Vanquished Creatures (collateral kills)
  Robin (D:2)
  3 goblins (D:2)
4 creatures vanquished.

Vanquished Creatures (others)
  An ancestor (D:3)
1 creature vanquished.

Grand Total: 195 creatures vanquished

Notes
Turn   | Place    | Note
-------+----------+-------------------------------------------
     0 | D:1      | Macro the Halfling Fighter began the quest for the Orb.
     0 | D:1      | Reached XP level 1. HP: 15/15 MP: 1/1
   184 | D:1      | Reached XP level 2. HP: 20/20 MP: 2/2
   861 | D:2      | Reached XP level 3. HP: 26/26 MP: 3/3
   880 | D:2      | You fall through a shaft for 2 floors!
  1039 | D:4      | Found a shattered altar of Ashenzari.
  1055 | D:4      | Reached XP level 4. HP: 25/31 MP: 4/4
  1085 | D:4      | Reached skill level 3 in Short Blades
  1125 | D:4      | Found a snail-covered altar of Cheibriados.
  1151 | D:4      | Found a deep blue altar of Sif Muna.
  1221 | D:4      | Found a burning altar of Makhleb.
  1548 | D:4      | Reached XP level 5. HP: 30/36 MP: 5/5
  2140 | D:3      | Reached skill level 4 in Short Blades
  2192 | D:3      | Found a faded altar of an unknown god.
  2205 | D:3      | Became a worshipper of Hepliaklqana the Forgotten
  2205 | D:3      | Reached * piety under Hepliaklqana
  2235 | D:3      | Noticed timpakay's ghost (amateur OpFi)
  2254 | D:3      | Killed timpakay's ghost
  2254 | D:3      | Reached XP level 6. HP: 23/37 MP: 6/6
  2622 | D:3      | Reached skill level 5 in Short Blades
  2716 | D:2      | Noticed Robin
  2724 | D:2      | Killed Robin
  2724 | D:2      | Reached skill level 5 in Armour
  2790 | D:2      | Reached XP level 7. HP: 38/42 MP: 7/7
  2794 | D:2      | Fell from the grace of Hepliaklqana
  3341 | D:5      | Entered Level 5 of the Dungeon
  3345 | D:5      | Got a ring of the Octopus King
  3707 | D:5      | Noticed Sigmund
  3711 | D:5      | Killed Sigmund
  3722 | D:5      | Identified a ring of the Octopus King {rN+ AC+1 EV+1 Str+1 Int+1 Dex+1} (You found it on level 5 of the Dungeon)
  3831 | D:5      | Was forgiven by Hepliaklqana
  4005 | D:5      | Reached skill level 5 in Shields
  4209 | D:6      | Reached skill level 6 in Short Blades
  4264 | D:6      | Reached XP level 8. HP: 45/54 MP: 8/8
  4286 | D:6      | You fall through a shaft for 2 floors!
  4398 | D:8      | Noticed Gastronok
  4444 | D:7      | Noticed Menkaure
  4759 | D:6      | Reached skill level 7 in Short Blades
  4793 | D:6      | Found a glowing silver altar of Zin.
  4872 | D:6      | Found a sand-covered staircase.
  4955 | D:6      | Learned a level 1 spell: Magic Dart
  5121 | D:6      | Found a blossoming altar of Fedhas.
  5266 | D:7      | Reached skill level 8 in Short Blades
  5286 | D:7      | Learned a level 1 spell: Magic Dart
  5298 | D:7      | Found a staircase to the Ecumenical Temple.
  5310 | D:7      | Noticed Prince Ribbit
  5370 | D:7      | Killed Prince Ribbit
  5370 | D:7      | Reached XP level 9. HP: 32/59 MP: 9/9
  5401 | Temple   | Entered the Ecumenical Temple
  5648 | Temple   | Became a worshipper of Uskayaw the Reveler
  5767 | Temple   | Fell from the grace of Uskayaw
  5767 | Temple   | Became a worshipper of Nemelex Xobeh the Trickster
  5864 | D:7      | Reached skill level 9 in Short Blades
  5877 | D:7      | Found a white marble altar of Elyvilon.
  5996 | D:7      | Received a gift from Nemelex Xobeh
  6192 | D:7      | Killed Menkaure
  6206 | D:7      | Found a snail-covered altar of Cheibriados.
  6270 | D:7      | Found a hazy altar of Hepliaklqana.
  6384 | D:8      | Found a staircase to the Lair.
  6416 | D:8      | Reached skill level 10 in Short Blades
  6703 | D:8      | Reached skill level 5 in Fighting
  6728 | D:8      | Reached XP level 10. HP: 66/66 MP: 10/10
  6781 | D:8      | Killed Gastronok
  6781 | D:8      | Reached skill level 11 in Short Blades
  6781 | D:8      | Reached skill level 10 in Shields
  7433 | Lair:1   | Entered Level 1 of the Lair of Beasts
  7510 | Lair:1   | Noticed Harold
  7527 | Lair:1   | Killed Harold
  7527 | Lair:1   | Reached XP level 11. HP: 68/74 MP: 11/11
  7564 | Lair:1   | Reached * piety under Nemelex Xobeh
  7564 | Lair:1   | Received a gift from Nemelex Xobeh
  7571 | Lair:1   | Got a transparent amber ring
  7634 | Lair:1   | Paralysed by the fury of Uskayaw for 6 turns
  7825 | Lair:1   | You fall through a shaft!
  7920 | Lair:2   | Reached skill level 12 in Short Blades
  7932 | Lair:2   | Identified the cursed ring "Egaati" {AC-2 Str+7} (You found it on level 1 of the Lair of Beasts)
  7973 | Lair:2   | Found a staircase to the Snake Pit.
  8066 | Lair:2   | Paralysed by the fury of Uskayaw for 2 turns
  8116 | Lair:2   | Noticed a five-headed hydra
  8149 | Lair:2   | Slain by a five-headed hydra

Skill      XL: |  1  2  3  4  5  6  7  8  9 10 11 |
---------------+----------------------------------+-----
Fighting       | 3 4 5 6 |  6.8
Armour         | 4 5 6 |  6.5
Short Blades   | 3 4 5 6 8 10 11 12 | 12.4
Shields        | 4 5 6 8 11 | 11.4

Action                   |  1- 3 |  4- 6 |  7- 9 | 10-12 || total
-------------------------+-------+-------+-------+-------++-------
Melee: Rapier            |    77 |    73 |       |       ||   150
       Short sword       |       |    81 |   464 |   178 ||   723
Invok: Ancestor Identity |       |     1 |       |       ||     1
       Renounce Religion |       |       |     1 |       ||     1
Evoke: Wand              |       |       |     2 |       ||     2
       Deck              |       |       |     1 |     1 ||     2
  Use: Potion            |       |     2 |     8 |     7 ||    17
       Scroll            |       |       |     9 |     1 ||    10
 Stab: Sleeping          |       |       |       |     1 ||     1
  Eat: Bread ration      |       |     2 |     1 |     1 ||     4
       Fruit             |       |     1 |     2 |     1 ||     4
       Chunk             |       |       |     5 |     6 ||    11
Armor: Scale mail        |    26 |    35 |    69 |       ||   130
       Steam dragon scal |       |       |    22 |    25 ||    47
Dodge: Dodged            |    22 |    50 |   129 |    34 ||   235
Block: Shield            |    37 |    64 |   283 |    87 ||   471
       Reflection        |       |       |    10 |     2 ||    12
